AoeStats
← ngoodnight01

MegaRandom

507955257Analyzed
2v2 RM · 13d ago on Sep 20, 2026· 50m 5s· 4 players
Game mode
Random Map
Map size
Medium (4 player)
Population
200
Speed
Normal
Resources
Standard
Victory
Conquest
Starting age
Dark Age
Ending age
Imperial Age
RankedLock teamsTeams togetherTeam positionsShared explorationLock speedFull tech treeHidden civsTurbo modeCheats
Victory
Defeat
🇷🇸 Teutons · Serbia
625
+13
🇨🇭 Teutons · Switzerland
621
+13
🇺🇸 Burgundians · United States
573
-13
🇺🇸 Bohemians · United States
555
-13
CommittedTwo_1
0:38 Loom
7:24 Horse Collar
9:48 Double-Bit Axe
13:24 Feudal Age
15:28 Wheelbarrow
15:47 Bow Saw
15:50 Gold Mining
16:20 Heavy Plow
21:22 Castle Age
21:35 Hand Cart
23:23 Fletching
29:30 Light Cavalry
30:12 Husbandry
31:26 Scale Barding Armor
31:22 Padded Archer Armor
31:33 Forging
31:24 Scale Mail Armor
36:28 Elite Skirmisher
43:34 Bodkin Arrow
49:36 Cavalier
ngoodnight01
0:45 Loom
14:00 Feudal Age
14:06 Man-at-Arms
18:15 Town Watch
27:47 Castle Age
28:35 Pikeman
28:41 Crossbowman
34:46 Caravan
45:39 Imperial Age
47:17 Cavalier
Amil YT
0:35 Loom
11:48 Feudal Age
12:25 Double-Bit Axe
13:57 Wheelbarrow
13:33 Horse Collar
15:11 Gold Mining
15:14 Stone Mining
22:39 Castle Age
23:44 Hand Cart
23:33 Heavy Plow
23:46 Bow Saw
25:12 Stone Shaft Mining
32:29 Ballistics
36:46 Imperial Age
36:48 Elite Teutonic Knight
37:55 Conscription
38:16 Caravan
41:44 Chemistry
froe
12:20 Feudal Age
12:43 Horse Collar
12:50 Double-Bit Axe
12:59 Loom
20:34 Castle Age
21:40 Heavy Plow
21:52 Bow Saw
27:50 Wheelbarrow
29:48 Wheelbarrow
30:12 Town Watch
31:07 Hand Cart
32:22 Gold Mining
36:31 Imperial Age
36:13 Fletching
36:33 Forging
36:24 Scale Mail Armor
36:24 Padded Archer Armor
38:26 Chemistry
38:07 Onager
47:19 Ballistics
47:05 Siege Engineers
Connection lost

Rejoining the realm…

Still unreachable

The connection could not be restored.

Session expired

The server has moved on; the page needs a fresh start.